 Dungeon Crawl Stone Soup version 0.29.1-4-g47bece8355 (webtiles) character file.

Game seed: 961067249628890622

27 vaporguy the Ducker (level 2, 21/23 HPs)
             Began as a Demigod Wanderer on Dec 3, 2022.
             Quit the game on level 1 of the Dungeon on Dec 10, 2022.
             The game lasted 00:06:47 (1094 turns).

vaporguy the Ducker (Demigod Wanderer)              Turns: 1094, Time: 00:06:47

Health: 21/23      AC:  5    Str: 11    XL:     2   Next: 72%
Magic:  6/6        EV: 13    Int: 15    God:
Gold:   27         SH:  0    Dex: 14    Spells: 3/4 levels left

rFire   . . .      SeeInvis .   a - +0 dagger
rCold   . . .      Faith    .   (no shield)
rNeg    . . .      Spirit   .   d - +2 leather armour
rPois   .          Reflect  .   (no helmet)
rElec   .          Harm     .   (no cloak)
rCorr   .          Rampage  .   (no gloves)
Will    .....                   (no boots)
Stlth   +.........              (no amulet)
HPRegen 0.07/turn               (no ring)
MPRegen 0.10/turn               (no ring)

@: no status effects
A: high MP 1, forlorn, divine attributes
a: no special abilities


You were on level 1 of the Dungeon.
You visited 1 branch of the dungeon, and saw 1 of its levels.

You collected 27 gold pieces.

Inventory:

Hand Weapons
 a - a +0 dagger (weapon)
 f - a +0 short sword
Armour
 d - a +2 leather armour (worn)
Scrolls
 c - a scroll of summoning
 e - 2 scrolls of identify {unknown}
 g - a scroll of enchant armour {unknown}
 h - a scroll of enchant weapon {unknown}
Potions
 b - 4 potions of mutation


   Skills:
 + Level 1.5 Fighting
 - Level 1.7 Armour
 - Level 4.5 Dodging
 * Level 1.6 Spellcasting
 * Level 1.7 Earth Magic


You had 3 spell levels left.
You knew the following spells:

 Your Spells              Type           Power      Damage    Failure   Level
a - Sandblast             Erth           12%        2d6       16%         1

Your spell library contained the following spells:

 Spells                   Type           Power      Damage    Failure   Level
 Stone Arrow              Conj/Erth      6%         3d7       54%         3


Dungeon Overview and Level Annotations

Branches:
Dungeon (1/15)


Innate Abilities, Weirdness & Mutations

You have an increased reservoir of magic. (+10% MP)
You shall have no god before yourself.
Your divine heritage dramatically boosts your attributes as you level up.


Message History

Confirm with . or Enter, or press ? or * to list all spells.
Aiming: Sandblast (safe; 16% risk of failure)
Press: ? - help, Shift-Dir - straight line, f/p - kobold
Aim: a kobold, wielding a +0 dagger and quivering stones (76% to hit)
The blast of sand hits the kobold.
The kobold is severely wounded.
The kobold barely misses you.
You hit the kobold.
You kill the kobold!
Things that are here:
a +0 dagger; a stone; a kobold corpse Your magical contamination has completely faded away.
Found a scroll labelled YLITUTR BOKKIU.
e - 2 scrolls labelled YLITUTR BOKKIU (gained 1)
You see here a +0 dagger.
A goblin comes into view. It is wielding a +0 dagger.
The goblin shouts!
Saving game... please wait.
Welcome back, vaporguy the Demigod Wanderer.
Press ? for a list of commands and other information.
You hit the goblin.
The goblin is moderately wounded.
The goblin closely misses you.
You hit the goblin.
The goblin is severely wounded.
The goblin hits you with a +0 dagger.
You closely miss the goblin.
The goblin is severely wounded.
The goblin hits you but does no damage.
You closely miss the goblin.
The goblin is severely wounded.
The goblin hits you with a +0 dagger.
You closely miss the goblin.
The goblin is severely wounded.
The goblin hits you but does no damage.
You hit the goblin.
You kill the goblin!
Things that are here:
a +0 dagger; a goblin corpse Are you sure you want to abandon this character and quit the game? (Confirm with "yes".)

#..# #.# #.........>.# #..#
#.### ###.###.###.#
#..#####...# #.# #.# #.#
#..........# #.# #.# #.#
#..#######.# #.# #.# #.# #).##
#.# #.# #.# #.# #...# #.# #.#
#.# #.# #.#.# #.########.# #.#
#.# #.#.# #.##.@.....# #.# #.#
###.#.######.##)##.##.# #.# #.#
....#.#...##.##.##.##.###.###.#
#####......#.#####.###........#
#####..........#.....####.#####
.............#####.### #.#
#######...##.###.....# #.#
.#######.###...###.### ..#
#.......#......#.....# ###


There were no monsters in sight!

Vanquished Creatures
  A dart slug (D:1)
  A bat (D:1)
  2 endoplasms (D:1)
  A giant cockroach (D:1)
  3 goblins (D:1)
  A hobgoblin (D:1)
  3 kobolds (D:1)
  3 quokkas (D:1)
  4 ball pythons (D:1)
  A frilled lizard (D:1)
  A rat (D:1)
21 creatures vanquished.

Notes
Turn   | Place    | Note
-------+----------+-------------------------------------------
     0 | D:1      | vaporguy the Demigod Wanderer began the quest for the Orb.
     0 | D:1      | vaporguy set off with the following items: a +0 dagger, a
                  | potion of mutation, a scroll of summoning, a +2 leather
                  | armour; and the following spell memorised: Sandblast; and
                  | the following spells available to memorise: Stone Arrow.
     0 | D:1      | Reached XP level 1. HP: 16/16 MP: 4/4
   123 | D:1      | Reached XP level 2. HP: 9/23 MP: 3/6
  1094 | D:1      | Quit the game

Illustrated notes

Levels and vault maps discovered:
D:1:      lightli_arrival_windingriver, layout_loops_ring,
          minmay_misc_feat_hallway

Action                   || total
-------------------------++-------
Melee: Dagger            ||    60
       Punch             ||     2
 Cast: Sandblast         ||    15
Armor: Leather armour    ||    13
Dodge: Dodged            ||    36
